 Dungeon Crawl Stone Soup version 0.27-a0-522-g46bbb28828 (webtiles) character file.

Game seed: 16725347039244821277

3702 kae the Cleaver (level 10, -3/88 HPs)
             Began as a Hill Orc Fighter on Mar 4, 2021.
             Was an Initiate of Okawaru.
             Slain by an orc warrior
             ... wielding a +2 trident of pain
              (13 damage)
             ... on level 8 of the Dungeon.
             The game lasted 00:06:45 (11258 turns).

kae the Cleaver (Hill Orc Fighter)                 Turns: 11258, Time: 00:06:45

Health: -3/88      AC:  9    Str: 23    XL:     10   Next: 13%
Magic:  13/13      EV:  7    Int:  8    God:    Okawaru [......]
Gold:   375        SH:  9    Dex: 10    Spells: 12/13 levels left

rFire    . . .     SeeInvis .   a - +1 war axe
rCold    . . .     Faith    .   c - +0 kite shield
rNeg     . . .     Spirit   .   b - +1 scale mail
rPois    .         Reflect  .   (no helmet)
rElec    .         Harm     .   (no cloak)
rCorr    .         Rampage  .   (no gloves)
Will     .....                  (no boots)
Stlth    ..........             (no amulet)
HPRegen  0.24/turn              (no ring)
MPRegen  0.13/turn              (no ring)

@: no status effects
A: no striking features
a: Renounce Religion


You were on level 8 of the Dungeon.
You worshipped Okawaru.
Okawaru was noncommittal.
You visited 2 branches of the dungeon, and saw 9 of its levels.
You also visited: Sewer and Ossuary.

You collected 375 gold pieces.

Inventory:

Hand Weapons
 a - a +1 war axe (weapon)
Armour
 b - a +1 scale mail (worn)
 c - a +0 kite shield (worn)
Jewellery
 e - a +6 ring of intelligence
Wands
 i - a wand of flame (31)
 n - a wand of random effects (15)
 t - a wand of acid (3)
 w - a wand of polymorph (12)
Scrolls
 d - 2 scrolls of enchant armour
 g - 3 scrolls of amnesia
 p - 4 scrolls of identify
 q - 5 scrolls of magic mapping
Potions
 j - 2 potions of attraction
 k - a potion of degeneration
 l - 6 potions of brilliance
 o - a potion of flight
 r - a potion of might
 v - a potion of invisibility
 x - a potion of haste {unknown}
 z - a potion of ambrosia {unknown}


   Skills:
 + Level 8.3 Fighting
 * Level 11.7 Axes
 + Level 7.7 Armour
 - Level 3.2 Shields
 - Level 2.0 Spellcasting
 + Level 6.1 Fire Magic
 + Level 1.5 Invocations


You had 12 spell levels left.
You knew the following spells:

 Your Spells              Type           Power        Failure   Level
a - Foxfire               Conj/Fire      20%          71%         1

Your spell library contained the following spells:

 Spells                   Type           Power        Failure   Level
 Conjure Flame            Conj/Fire      5%           97%         3
 Inner Flame              Hex/Fire       5%           97%         3
 Beastly Appendage        Tmut           0%           98%         1
 Corona                   Hex            0%           98%         1
 Slow                     Hex            0%           99%         2
 Wereblood                Tmut           0%           99%         2
 Confusing Touch          Hex            0%           100%        3
 Gell's Gravitas          Tloc           0%           100%        3
 Portal Projectile        Hex/Tloc       0%           100%        3
 Spider Form              Tmut/Pois      0%           100%        3
 Cause Fear               Hex            0%           100%        4
 Ice Form                 Ice/Tmut       0%           100%        4
 Leda's Liquefaction      Hex/Erth       0%           100%        4
 Petrify                  Tmut/Erth      0%           100%        4
 Sticky Flame             Conj/Fire      5%           100%        4
 Blade Hands              Tmut           0%           100%        5
 Fireball                 Conj/Fire      2%           100%        5
 Metabolic Englaciation   Hex/Ice        0%           100%        5
 Yara's Violent Unravell  Hex/Tmut       0%           100%        5


Dungeon Overview and Level Annotations

Branches:
Dungeon (8/15)             Temple (1/1) D:5           Sewer (visited)
Ossuary (visited)
   Lair: D:8-11

Altars:
Ashenzari
Cheibriados
Dithmenos
Elyvilon
Fedhas
Gozag
Hepliaklqana
Kikubaaqudgha
Makhleb
Nemelex Xobeh
Okawaru
Qazlal
Ru
Sif Muna
Trog
Uskayaw
Vehumet
Wu Jian
Xom
Yredelemnul
Zin
The Shining One

Annotations:
D:2 1 runed translucent door
D:8 Grum, Maurice


Message History

The bolt of acid hits the wolf.
The wolf is splashed with acid.
The wolf is heavily wounded.
The bolt of acid hits Grum!!
Grum is splashed with acid.
Grum seems to be corroded for longer.
Grum is severely wounded.
You hear a howl!
A wolf comes into view.
The wolf bites you!
* * * LOW HITPOINT WARNING * * *
Grum hits you from afar with a -1 spear.
* * * LOW HITPOINT WARNING * * *
You feel better. The wolf barely misses you. Grum closely misses you.
The wolf barely misses you.
As you read the scroll of teleportation, it crumbles to dust.
You feel strangely unstable. You block the wolf's attack. x2
You block Grum's attack. The wolf bites you but does no damage.
A wolf comes into view.
The wolf bites you.
* * * LOW HITPOINT WARNING * * *
You block the wolf's attack. The wolf closely misses you.
Grum closely misses you.
Your surroundings suddenly seem different.
An orc warrior comes into view. It is wielding a +2 trident of pain.
The orc warrior shouts!
An orc wizard comes into view. It is wielding a +0 dagger.
The orc wizard shouts!
An orc comes into view. It is wielding a +0 hand axe.
The orc shouts!
The orc warrior hits you with a +2 trident of pain!
* * * LOW HITPOINT WARNING * * *
You writhe in agony.
* * * LOW HITPOINT WARNING * * *
Found a wand of random effects (7).
You block the orc warrior's attack. You block the orc wizard's attack.
You feel better.
The orc wizard gestures at you while chanting.
The puff of flame hits you but does no damage.
The orc warrior hits you from afar with a +2 trident of pain!
You die...

...
###.###
#..
#.##.#
#.....#
### #.
#.#
#.....#
#.#
#.....#
#.#
#.....#
##.##
#.....#
...
#######
#.# #@#
###o###
#.oo..#
#.....#
#.....#
#../.....
#.....###
#######


You could see an orc warrior, an orc wizard and an orc.

Vanquished Creatures
  Pikel (D:4)
  A wraith (Ossuary)
  2 sky beasts
  4 ogres
  2 ice beasts
  3 orc warriors
  2 centaurs (D:6)
  A necrophage (D:5)
  4 phantoms
  A lemure (D:4)
  5 bullfrogs
  2 scorpions
  A bullfrog zombie (D:8)
  5 hounds
  3 orc priests
  2 bullfrog skeletons
  A centaur skeleton (D:7)
  Jessica (D:3)
  Natasha (thrice) (D:4)
  2 iguanas (D:8)
  9 orc wizards
  2 worker ants
  A hound zombie (D:5)
  A mummy (Ossuary)
  2 worker ant zombies (D:5)
  8 adders
  A shadow imp (D:5)
  A white imp (D:8)
  An ufetubus (D:5)
  13 oozes
  An adder zombie (D:7)
  An adder skeleton (D:5)
  4 worms
  5 dart slugs
  16 leopard geckos
  23 orcs
  4 ball pythons (Sewer)
  7 bats
  12 giant cockroaches
  8 goblins
  7 hobgoblins
  4 jackals (D:2)
  5 quokkas
  16 frilled lizards
  5 gnoll skeletons (Ossuary)
  6 kobolds
  8 kobold skeletons
  A leopard gecko skeleton (D:7)
  12 orc skeletons (Ossuary)
  6 rats
236 creatures vanquished.

Notes
Turn   | Place    | Note
-------+----------+-------------------------------------------
     0 | D:1      | kae the Hill Orc Fighter began the quest for the Orb.
     0 | D:1      | Reached XP level 1. HP: 19/19 MP: 1/1
   108 | D:1      | Reached skill level 3 in Axes
   281 | D:1      | Reached XP level 2. HP: 27/27 MP: 2/2
   611 | D:1      | Reached XP level 3. HP: 33/33 MP: 3/3
  1227 | D:2      | Noticed a human
  1228 | D:2      | Found a runed translucent door.
  1231 | D:2      | Found a basalt altar of Yredelemnul.
  1734 | D:2      | Reached skill level 4 in Axes
  1939 | D:2      | Reached XP level 4. HP: 40/40 MP: 5/5
  1998 | D:3      | Reached skill level 1 in Spellcasting
  2226 | D:3      | Noticed Jessica
  2231 | D:3      | Killed Jessica
  2349 | D:3      | Reached XP level 5. HP: 47/47 MP: 6/6
  2351 | D:3      | Learned a level 1 spell: Foxfire
  2359 | D:3      | Found a sparkling altar of Nemelex Xobeh.
  2522 | D:3      | Found a radiant altar of Vehumet.
  2668 | D:4      | Noticed a lemure
  2668 | D:4      | Noticed a lemure
  2669 | D:4      | Noticed a lemure
  2669 | D:4      | Noticed an orc warrior
  2669 | D:4      | Noticed Pikel
  2782 | D:4      | Noticed a lemure
  2788 | D:4      | Killed a lemure
  2799 | D:4      | Killed Pikel
  2800 | D:4      | Reached skill level 5 in Fighting
  2800 | D:4      | Reached skill level 6 in Axes
  2800 | D:4      | Reached skill level 5 in Armour
  2800 | D:4      | Reached XP level 6. HP: 31/56 MP: 6/9
  2800 | D:4      | Reached XP level 7. HP: 34/61 MP: 6/10
  2854 | D:4      | Noticed Natasha
  2862 | D:4      | Killed Natasha
  2881 | D:4      | Found a sand-covered staircase.
  2885 | Ossuary  | Entered an ossuary
  2885 | Ossuary  | Noticed a wraith
  2885 | Ossuary  | Noticed a wraith
  2885 | Ossuary  | Noticed a wraith
  2935 | Ossuary  | Noticed a wraith
  2956 | Ossuary  | Killed a wraith
  2957 | Ossuary  | Reached skill level 7 in Axes
  3079 | D:4      | Noticed Natasha
  3082 | D:4      | Found a glowing drain.
  3086 | D:4      | Killed Natasha
  3093 | D:4      | Reached XP level 8. HP: 50/70 MP: 11/11
  3103 | Sewer    | Entered a sewer
  3473 | Sewer    | Reached skill level 8 in Axes
  4694 | D:5      | Entered Level 5 of the Dungeon
  4707 | D:5      | Reached skill level 9 in Axes
  4900 | D:5      | Found a staircase to the Ecumenical Temple.
  5024 | Temple   | Entered the Ecumenical Temple
  5473 | D:6      | Reached XP level 9. HP: 65/78 MP: 12/12
  5486 | D:6      | HP: 3/78 [orc priest (2)]
  6290 | D:4      | Noticed Natasha
  6295 | D:4      | Killed Natasha
  6754 | D:4      | Reached skill level 10 in Axes
  7345 | D:5      | Found a staircase to the Ecumenical Temple.
  7742 | D:5      | Reached skill level 5 in Fire Magic
  7826 | D:6      | Found a shadowy altar of Dithmenos.
  8887 | D:6      | Found a glowing silver altar of Zin.
  9391 | D:7      | Reached skill level 11 in Axes
  9437 | D:7      | Found a shimmering altar of Xom.
  9482 | D:7      | Found an opulent altar of Gozag.
  9927 | D:7      | Reached XP level 10. HP: 88/88 MP: 13/13
 10041 | D:7      | Found an iron altar of Okawaru.
 10044 | D:7      | Found a snail-covered altar of Cheibriados.
 10049 | D:7      | Found a shimmering blue altar of Sif Muna.
 10233 | D:7      | Became a worshipper of Warmaster Okawaru
 10274 | D:8      | Noticed a death knight
 10504 | D:8      | Reached skill level 1 in Invocations
 10556 | D:8      | Noticed a phantasmal warrior
 11234 | D:8      | Noticed Maurice
 11237 | D:8      | Noticed Grum
 11254 | D:8      | HP: 4/88 [orc warrior/+2 trident of pain (14)]
 11258 | D:8      | Slain by an orc warrior

Illustrated notes

Levels and vault maps discovered:
D:1:      dpeg_arrival_signposts, layout_loops_ring, kennysheep_minor_cross,
          hangedman_abyss_or_decor_lesser_grid
D:2:      layout_basic, dk_yredelemnul_ordeal
D:3:      layout_rooms, lemuel_round_altar, nicolae_overflow_crystal_walls,
          uniq_jessica
D:4:      layout_loops_ring, enter_ossuary_5, cheibrodos_sewer_entry_sluice,
          uniq_natasha, uniq_pikel
D:5:      layout_cave_pools, minmay_temple_entry_poolview
D:6:      layout_layer_cave, overflow_temple_1_default, kennysheep_mini
D:7:      layout_cave_pools, grunt_temple_overflow_diamond, xom_teletrap_fun,
          nicolae_gozag_seed_capital
D:8:      layout_loops_cross, dpeg_oklobed_lair, uniq_erica, uniq_grum,
          uniq_joseph, uniq_maurice
Temple:   jpeg_temple_clearing

Skill      XL: |  1  2  3  4  5  6  7  8  9 10 |
---------------+-------------------------------+-----
Axes           | 3 4 6 7 9 11 | 11.7
Fighting       | 4 5 6 8 |  8.3
Spellcasting   | 1 2 |  2.0
Armour         | 4 5 6 7 |  7.7
Fire Magic     | 2 3 4 5 6 |  6.1
Invocations    | 1 |  1.5
Shields        | |  3.2

Action                   |  1- 3 |  4- 6 |  7- 9 | 10-12 || total
-------------------------+-------+-------+-------+-------++-------
Melee: War axe           |   120 |    61 |   451 |    66 ||   698
Evoke: Wand              |       |       |     7 |     2 ||     9
  Use: Scroll            |     2 |     8 |     8 |     3 ||    21
       Potion            |       |     2 |     5 |     2 ||     9
 Stab: Invisible         |       |     2 |       |       ||     2
       Distracted        |       |       |     1 |       ||     1
Armor: Scale mail        |    51 |    29 |   182 |    25 ||   287
       Skin              |       |       |     7 |       ||     7
Dodge: Dodged            |    36 |    15 |   141 |    26 ||   218
Block: Kite shield       |    56 |    32 |   220 |    37 ||   345

Table legend: (Time is in decaauts)
 A = Elapsed time spent in this place.
 B = Non-inter-level travel time spent in this place.
 C = Inter-level travel time spent in this place.
 D = Time resting spent in this place.
 E = Time spent auto-exploring this place.
 F = Levels seen in this place.
 G = Mean time per level.
                   A        B        C        D        E       F      G
               +--------+--------+--------+--------+--------+-----+--------+
         Total |  11568 |  11074 |    494 |   1370 |   7864 |  11 | 1051.6 |
       Dungeon |  10540 |  10062 |    478 |   1353 |   7256 |   8 | 1317.5 |
        Temple |     84 |     69 |     15 |      0 |     68 |   1 |   84.0 |
         Sewer |    749 |    749 |      0 |      0 |    491 |   1 |  749.0 |
       Ossuary |    192 |    192 |      0 |     17 |     49 |   1 |  192.0 |
               +--------+--------+--------+--------+--------+-----+--------+

Top non-repeatable levels by time:
     D:6: 2370 daAuts
     D:4: 2086 daAuts
     D:5: 1495 daAuts
     D:7: 1152 daAuts
     D:1: 1105 daAuts
     D:3: 947 daAuts
     D:2: 930 daAuts
   Sewer: 749 daAuts
     D:8: 453 daAuts
 Ossuary: 192 daAuts
  Temple: 84 daAuts
